Map: Void Thrashing

Players

ViS

  • Race: Zerg Zerg

Phalanx

  • Race: Protoss Protoss
  • Spawn Location: 6:00

VOD

Have the link to the VOD?

Description

Time

  • Played on: Dec. 6, 2017, 7:58 p.m.
  • Length: 13:06
Show
View Real Time Build Order
Export as new Build Order

ViS Zerg 

Build Orders:  

Get SALT Encoding   

  12  0:04  Infested SCV  
  13  0:11  Infested SCV  
  13  0:18  Infested Colonist Compound  
  14  0:25  Overlord  
  14  0:31  Infested SCV  
  15  0:52  Infested SCV  
  15  0:53  Infested SCV  
  17  1:07  Infested SCV  
  18  1:23  Infested SCV  
  19  1:34  Infested Command Center  
  19  1:40  Infested SCV  
  20  1:55  Infested Barracks  
  20  1:57  Infested SCV  
  21  2:08  Infested Refinery  
  21  2:10  Infested SCV  
  22  2:29  Overlord  
  22  2:44  Infested SCV  
  22  2:45  Infested Colonist Compound  
  23  3:02  Infested SCV  
  24  3:14  Infestation Level 1  
  24  3:17  Infested Refinery  
  24  3:28  Infested SCV  
  25  3:32  Infested Engineering Bay, Infested SCV  
  26  3:43  Infested SCV x2  
  26  3:45  Infested Barracks  
  28  4:02  Infested SCV  
  28  4:03  Infested SCV x3  
  28  4:05  Infested Barracks  
  32  4:31  Infested SCV x4  
  36  4:41  Infested Command Center  
  36  4:47  Stukov Infantry Weapons Level 1  
  36  4:56  Infested SCV  
  36  4:57  Infested SCV x3  
  40  5:04  Infested Refinery  
  40  5:06  Infested SCV  
  41  5:14  Anaerobic Enhancement  
  41  5:28  Overlord  
  45  5:31  Infested Bunker  
  45  5:33  Infested SCV  
  45  5:39  Overlord  
  46  5:48  Infested Factory  
  46  6:17  Broodling Gestation  
  46  6:34  Infested SCV  
  46  6:35  Overlord, Infested SCV  
  46  6:36  Infested Bunker  
  46  6:38  Infested Bunker  
  56  6:55  Infested SCV  
  57  7:12  Infested Armory  
  57  7:20  Infested Barracks Tech Lab  
  57  7:27  Regenerative Plating  
  57  7:47  Infestation Level 2  
  57  7:48  Infested Bunker  
  57  7:52  Infested Bunker x2  
  57  8:12  Overlord  
  57  8:13  Overlord  
  69  8:20  Infested Bunker  
  69  8:21  Infested Bunker  
  69  8:24  Infested Bunker  
  69  8:29  Infested Bunker  
  69  8:30  Infested Bunker  
  69  8:35  Infested Bunker  
  69  8:58  Infested Bunker  
  73  9:01  Infested Bunker, Stukov Infantry Weapons Level 2  
  73  9:02  Infested Starport  
  73  9:37  Infested Bunker  
  73  9:45  Infested Bunker  
  73  9:49  Infested Bunker  
  85  10:24  Infested Bunker  
  85  10:26  Infested Barracks  
  85  10:28  Infested Bunker  
  85  10:29  Infested Bunker  
  85  10:36  Overlord x4  
  85  10:47  Infested Marine  
  86  10:50  Overlord x4  
  86  10:56  Infested Marine  
  86  10:57  Infested Marine x2  
  80  11:16  Infested Marine x2  
  80  11:17  Infested Marine x4  
  80  11:18  Infested Barracks  
  78  11:20  Infested SCV  
  78  11:21  Infested SCV x4  
  81  11:38  Infested Marine  
  81  11:39  Infested Marine x14  
  91  11:40  Infested Marine x6  
  90  12:26  Infested Marine x4  
  90  12:27  Infested Marine x13  
  90  12:28  Infested Marine  
  90  12:29  Infested Marine  
  109  12:32  Infested Marine  
Show
View Real Time Build Order
Export as new Build Order

Phalanx Protoss 

Build Orders:  

Get SALT Encoding   

  12  4:33  Pylon  
  12  5:01  Forge  
  12  5:11  Assimilator  
  12  5:18  Assimilator  
  12  6:12  Photon Cannon  
  12  6:13  Photon Cannon  
  12  6:15  Photon Cannon  
  12  6:17  Photon Cannon  
  12  6:21  Photon Cannon  
  12  6:23  Photon Cannon  
  12  6:25  Photon Cannon  
  12  6:32  Protoss Shields Level 1  
  12  6:55  Photon Cannon  
Tags
 
Add a new tag
Caveats
  • Supply blocks, unpowered buildings, or Contaminate may cause inaccurate times.
  • Supply counts are checked every 10 seconds.